 Dungeon Crawl Stone Soup version 0.21-a0-286-g6fcecc0 (webtiles) character file.

177 tidbits the Grave Robber (level 5, -4/38 HPs)
             Began as a Draconian Necromancer on Sept 25, 2017.
             Killed from afar by an orc wizard (10 damage)
             ... with a magic dart
             ... on level 3 of the Dungeon.
             The game lasted 00:04:48 (553 turns).

tidbits the Grave Robber (Draconian Necromancer)     Turns: 553, Time: 00:04:49

Health: -4/38      AC:  5    Str: 10    XL:     5   Next: 30%
Magic:  4/10       EV: 12    Int: 16    God:
Gold:   20         SH:  0    Dex: 12    Spells: 2/10 levels left

rFire    . . .     SeeInvis .   d - +2 short sword (drain)
rCold    . . .     Gourm    .   (no shield)
rNeg     . . .     Faith    .   (armour unavailable)
rPois    .         Spirit   .   (helmet restricted)
rElec    .         Reflect  .   (no cloak)
rCorr    .         Harm     .   (no gloves)
MR       .....                  (no boots)
Stlth    ++........             (no amulet)
HPRegen  0.12/turn              W - ring of wizardry
MPRegen  0.12/turn              (no ring)

@: slowed, very slow
A: unfitting armour, cold-blooded, AC +5
a: no special abilities


You were on level 3 of the Dungeon.
You were not hungry.

You visited 1 branch of the dungeon, and saw 5 of its levels.

You collected 20 gold pieces.

Inventory:

Hand Weapons
 d - a +2 short sword of draining (weapon)
   (You took it off a kobold on level 1 of the Dungeon)
Missiles
 c - 47 arrows
Armour
 m - a +0 pair of gloves
Jewellery
 W - a ring of wizardry (left hand)
   (You found it on level 3 of the Dungeon)
Scrolls
 h - a scroll of enchant weapon {unknown}
 j - a scroll of blinking {unknown}
Books
 a - a book of Necromancy

   Spells                             Type                      Level
   a - Pain                           Necromancy                   1
   b - Animate Skeleton               Necromancy                   1
   c - Vampiric Draining              Necromancy                   3
   d - Regeneration                   Charms/Necromancy            3
   e - Animate Dead                   Necromancy                   4
   f - Control Undead                 Necromancy                   4
Comestibles
 b - 2 bread rations
 f - 2 chunks of flesh
 g - 2 royal jellies
 i - 4 fruits


   Skills:
 - Level 1.7 Dodging
 - Level 1.7 Stealth
 + Level 3.4 Spellcasting
 * Level 5.8 Necromancy


You had 2 spell levels left.
You knew the following spells:

 Your Spells              Type           Power        Failure   Level  Hunger
a - Pain                  Necr           ###.         1%          1    None
n - Animate Skeleton      Necr           N/A          1%          1    None
r - Regeneration          Chrm/Necr      ##........   6%          3    ###....
v - Vampiric Draining     Necr           ###.......   1%          3    ###....


Dungeon Overview and Level Annotations

Branches:
Dungeon (5/15)
 Temple: D:4-7

Altars:

Annotations:
D:4 tidbits's ghost, amateur DgTm


Innate Abilities, Weirdness & Mutations

Your plain brown scales are hard. (AC +5)
You cannot fit into any form of body armour.
You are cold-blooded and may be slowed by cold attacks.


Message History

You closely miss the orc wizard.
You tail-slap the orc wizard, but do no damage.
The orc wizard is heavily wounded.
The orc wizard gestures wildly while chanting.
The orc wizard blinks!
The orc wizard casts a spell at you.
You feel as though you will be slow longer.
You hit the orc wizard.
The orc wizard is severely wounded.
The orc wizard hits you with a dagger.
The orc wizard casts a spell.
The orc wizard blinks!
Casting: Pain
Confirm with . or Enter, or press ? or * to list all spells.
Aiming: Vampiric Draining
Press: ? - help, Shift-Dir - straight line, f - orc wizard, p - orc wizard
Aim: an orc wizard, wielding a dagger and wearing a robe The orc wizard is heavily wounded.
You feel life coursing into your body. The orc wizard hits you with a dagger.
You hit the orc wizard but do no damage.
You drain the orc wizard!
You tail-slap the orc wizard, but do no damage.
The orc wizard is heavily wounded.
The orc wizard misses you. The orc wizard barely misses you.
You closely miss the orc wizard.
The orc wizard is heavily wounded.
The orc wizard points at you and mumbles some strange words.
The magic dart hits you!
* * * LOW HITPOINT WARNING * * *
The orc wizard hits you but does no damage.
You barely miss the orc wizard.
The orc wizard is heavily wounded.
The orc wizard closely misses you.
The orc wizard hits you but does no damage.
Casting: Vampiric Draining
Confirm with . or Enter, or press ? or * to list all spells.
Aiming: Vampiric Draining
Press: ? - help, Shift-Dir - straight line, f/p - orc wizard
Aim: an orc wizard, wielding a dagger and wearing a robe (heavily wounded, heavily drained)
The orc wizard is almost dead.
You feel life coursing into your body. The orc wizard hits you with a dagger.
* * * LOW HITPOINT WARNING * * *
The orc wizard hits you with a dagger.
* * * LOW HITPOINT WARNING * * *
The orc wizard barely misses you.
You closely miss the orc wizard.
The orc wizard is almost dead.
The orc wizard casts a spell at you. The magic dart hits you!
* * * LOW HITPOINT WARNING * * *
The orc wizard hits you but does no damage.
The orc wizard points at you and mumbles some strange words.
You resist with some effort.
The orc wizard hits you but does no damage.
Casting: Vampiric Draining
Confirm with . or Enter, or press ? or * to list all spells.
Aiming: Pain
Press: ? - help, Shift-Dir - straight line, f/p - orc wizard
Aim: an orc wizard, wielding a dagger and wearing a robe (almost dead, heavily drained, chance to defeat MR: 84%)
The orc wizard writhes in agony!
You kill the orc wizard!
You have reached level 5!
The orc wizard hits you but does no damage.
You aren't carrying any potions.
Unknown command.
You hit the orc wizard.
You kill the orc wizard!
Things that are here:
a dagger; a robe; an orc corpse
Things that are here:
a dagger; a robe
Things that are here:
a dagger; a robe; an orc corpse
Casting: Pain
Confirm with . or Enter, or press ? or * to list all spells.
You attempt to give life to the dead...
Before your eyes, flesh is ripped from the corpse!
The dead are walking!
f - 2 chunks of flesh
Things that are here:
a dagger; a robe You swap places.
Things that are here:
a dagger; a robe An orc wizard comes into view.
It is wielding a dagger.
The orc wizard gestures at you while chanting.
The puff of flame hits you!
* * * LOW HITPOINT WARNING * * *
You closely miss the orc wizard.
Your orc skeleton hits the orc wizard.
The orc wizard hits you with a dagger.
* * * LOW HITPOINT WARNING * * *
Your orc skeleton hits the orc wizard.
You aren't carrying any potions.
Unknown command.
You hit the orc wizard.
The orc wizard is moderately wounded.
The orc wizard hits you but does no damage.
The orc wizard gestures at you while chanting.
The magic dart hits you!
You die...

'.....).)...>.......#
###.#####....†......#
#.o...# #.##........#
#..o..# #.##........#
#.....# #.##........#
###'#####.##........#
... ........)#####
#####
######.Z.########
........o@.......
#########..########.
#....)# ##).#
####.....####..#
#..............#
#..#............##
.......##........#
.###.#. #######..#
...#. #..##


You could see an orc wizard and a friendly orc skeleton.

Vanquished Creatures
  A howler monkey (D:4)
  2 orc wizards (D:3)
  A worker ant (D:4)
  3 adders (D:3)
  An ooze (D:4)
  A worm (D:3)
  A dart slug (D:3)
  An orc (D:3)
  3 giant cockroaches
  3 goblins
  2 hobgoblins (D:1)
  4 jackals (D:2)
  A ball python (D:3)
  2 kobolds
  A rat (D:2)
27 creatures vanquished.

Notes
Turn   | Place    | Note
-------+----------+-------------------------------------------
     0 | D:1      | tidbits the Draconian Necromancer began the quest for the Orb.
     0 | D:1      | Reached XP level 1. HP: 14/14 MP: 3/3
   105 | D:2      | Reached XP level 2. HP: 16/20 MP: 5/5
   112 | D:2      | Learned a level 1 spell: Animate Skeleton
   220 | D:3      | Reached XP level 3. HP: 13/26 MP: 4/6
   225 | D:3      | Learned a level 3 spell: Vampiric Draining
   310 | D:3      | Noticed a sky beast
   345 | D:4      | Reached skill level 5 in Necromancy
   345 | D:4      | Reached XP level 4. HP: 17/33 MP: 2/8
   350 | D:4      | Learned a level 3 spell: Regeneration
   397 | D:4      | Reached skill level 3 in Spellcasting
   417 | D:5      | Entered Level 5 of the Dungeon
   434 | D:4      | Noticed tidbits's ghost (amateur DgTm)
   531 | D:3      | Reached XP level 5. HP: 11/38 MP: 0/9
   553 | D:3      | Killed from afar by an orc wizard

Vault maps used:
D:1:      onia_arrival_pyramid, serial_bayou_ford_a
D:2:      grunt_temple_overflow_gold_and_silver, marbit_many_paths,
          gammafunk_temple_overflow_pools
D:3:      lemuel_doored_altar, minmay_misc_feat_roman, eino_tiny_chamber
D:4:      nicolae_overflow_quartered_altars, led_xom_imps
D:5:      cheibrodos_fzero, bloody_trog, minmay_temple_entry_large_hall,
          cheibrodos_sewer_entry_bend, first_bread, wad_floor_pattern_1,
          minmay_misc_feat_five

Skill      XL: |  1  2  3  4 |
---------------+-------------+-----
Necromancy     | 5 |  5.8
Spellcasting   | 3 |  3.4
Dodging        | |  1.7
Stealth        | |  1.7

Action                   |  1- 3 |  4- 6 || total
-------------------------+-------+-------++-------
Melee: Short sword       |    38 |    23 ||    61
       Tailslap          |     4 |     3 ||     7
 Cast: Pain              |     7 |     5 ||    12
       Animate Skeleton  |     1 |     1 ||     2
       Vampiric Draining |       |     3 ||     3
       Regeneration      |       |     1 ||     1
  Use: Potion            |       |     3 ||     3
 Stab: Sleeping          |     1 |       ||     1
Armor: Skin              |     6 |    11 ||    17
Dodge: Dodged            |    19 |    21 ||    40

Table legend:
 A = Spawn XP
 B = Non-spawn XP
 C = Spawn XP percentage of total XP
 D = Spawn monster count
 E = Non-spawn monster count
 F = Spawn count percentage of total count
 G = Total turns spent on level
                    A         B        C        D         E        F      G
               +---------+---------+-------+---------+---------+-------+---------
         Total |       0 |     253 |   0.0 |       0 |      27 |   0.0 |   553
               +---------+---------+-------+---------+---------+-------+---------
           D:1 |       0 |       7 |   0.0 |       0 |       4 |   0.0 |    94
           D:2 |       0 |      15 |   0.0 |       0 |       8 |   0.0 |   102
           D:3 |       0 |     142 |   0.0 |       0 |      12 |   0.0 |   218
           D:4 |       0 |      89 |   0.0 |       0 |       3 |   0.0 |   127
               +---------+---------+-------+---------+---------+-------+---------

Table legend:
 A = Turns spent in this place as a percentage of turns spent in the entire game.
 B = Non-inter-level travel turns spent in this place as a percentage of non-inter-level travel turns spent in the entire game.
 C = Inter-level travel turns spent in this place as a percentage of turns spent in this place.
 D = Turns resting spent in this place as a percentage of non-inter-level travel turns spent in this place.
 E = Turns spent auto-exploring this place as a percentage of non-inter-level travel turns spent in this place.
 F = Non-inter-level travel turns spent in this place divided by the number of levels of this place that you've seen.
                   A       B       C       D       E      F
               +-------+-------+-------+-------+-------+----------------------
         Total | 100.0 | 100.0 |   0.0 |   0.0 |   0.0 | 110.6
       Dungeon | 100.0 | 100.0 |   0.0 |   0.0 |   0.0 | 110.6
               +-------+-------+-------+-------+-------+----------------------

Table legend:
 A = Kills in this place as a percentage of kills in entire the game.
 B = Kills by you in this place as a percentage of kills by you in the entire game.
 C = Kills by friends in this place as a percentage of kills by friends in the entire game.
 D = Other kills in this place as a percentage of other kills in the entire game.
 E = Experience gained in this place as a percentage of experience gained in the entire game.
 F = Experience gained in this place divided by the number of levels of this place that you have seen.
                   A       B       C       D       E      F
               +-------+-------+-------+-------+-------+----------------------
         Total | 100.0 | 100.0 |   N/A |   N/A | 100.0 |  50.6
       Dungeon | 100.0 | 100.0 |   N/A |   N/A | 100.0 |  50.6
               +-------+-------+-------+-------+-------+----------------------

Vault maps used:
D:1:      onia_arrival_pyramid, serial_bayou_ford_a
D:2:      grunt_temple_overflow_gold_and_silver, marbit_many_paths,
          gammafunk_temple_overflow_pools
D:3:      lemuel_doored_altar, minmay_misc_feat_roman, eino_tiny_chamber
D:4:      nicolae_overflow_quartered_altars, led_xom_imps
D:5:      cheibrodos_fzero, bloody_trog, minmay_temple_entry_large_hall,
          cheibrodos_sewer_entry_bend, first_bread, wad_floor_pattern_1,
          minmay_misc_feat_five
